 Dungeon Crawl Stone Soup version 0.23-a0-612-gcb482e9 (webtiles) character file.

152 Mgcat the Grave Robber (level 5, -2/35 HPs)
             Began as a Mummy Necromancer on Dec 21, 2018.
             Was an Initiate of Sif Muna.
             Shot with a stone by a goblin (4 damage)
             ... led by Robin
             ... on level 2 of the Dungeon.
             The game lasted 00:04:31 (2222 turns).

Mgcat the Grave Robber (Mummy Necromancer)          Turns: 2222, Time: 00:04:32

Health: -2/35      AC:  2    Str: 12    XL:     5   Next: 11%
Magic:  1/11       EV: 12    Int: 15    God:    Sif Muna [......]
Gold:   58         SH:  0    Dex: 12    Spells: 8/12 levels left

rFire    x . .     SeeInvis .   g - +2 dagger (speed)
rCold    + . .     Gourm    .   (no shield)
rNeg     + + +     Faith    .   a - +0 robe
rPois    ∞         Spirit   .   (no helmet)
rElec    .         Reflect  .   (no cloak)
rCorr    .         Harm     .   (no gloves)
MR       .....                  (no boots)
Stlth    ++........             (no amulet)
HPRegen  0.11/turn              (no ring)
MPRegen  0.12/turn              (no ring)

@: no status effects
A: no food or potions, fire vulnerability, cold resistance 1, negative energy
resistance 3, torment resistance, unbreathing
a: Renounce Religion


You were on level 2 of the Dungeon.
You worshipped Sif Muna.
Sif Muna was noncommittal.
You were not hungry.

You visited 1 branch of the dungeon, and saw 2 of its levels.

You collected 58 gold pieces.

Inventory:

Hand Weapons
 g - a +2 dagger of speed (weapon)
   (You took it off a goblin on level 1 of the Dungeon)
Armour
 a - a +0 robe (worn)
Scrolls
 b - a scroll of identify {unknown}
 c - a scroll of magic mapping {unknown}
 d - 6 scrolls of teleportation {unknown}
 e - 2 scrolls of remove curse {unknown}
 f - a scroll of immolation {unknown}


   Skills:
 - Level 1.5 Dodging
 + Level 3.0 Stealth
 + Level 4.4 Spellcasting
 + Level 4.9 Necromancy


You had 8 spell levels left.
You knew the following spells:

 Your Spells              Type           Power        Failure   Level  Hunger
a - Pain                  Necr           ###.         2%          1    N/A
b - Vampiric Draining     Necr           ###.......   7%          3    N/A

Your spell library contained the following spells:

 Spells                   Type           Power        Failure   Level  Hunger
 Animate Skeleton         Necr           N/A          2%          1    N/A
 Animate Dead             Necr           N/A          22%         4    N/A
 Regeneration             Chrm/Necr      Unusable     N/A         3    N/A

Dungeon Overview and Level Annotations

Branches:
Dungeon (2/15)

Altars:
Sif Muna


Innate Abilities, Weirdness & Mutations

You do not eat or drink.
Your flesh is vulnerable to fire.
You are immune to poison.
Your flesh is cold resistant. (rC+)
You are immune to negative energy. (rN+++)
You are immune to unholy pain and torment.
You can survive without breathing.


Message History

Casting: Pain (safe; 2% risk of failure)
Confirm with . or Enter, or press ? or * to list all spells.
You don't have enough magic to cast that spell.
Casting: Pain (safe; 2% risk of failure)
Confirm with . or Enter, or press ? or * to list all spells.
You don't have enough magic to cast that spell.
Casting: Pain (safe; 2% risk of failure)
Confirm with . or Enter, or press ? or * to list all spells.
You don't have enough magic to cast that spell.
You closely miss the goblin.
The goblin is moderately wounded.
The goblin completely misses you.
You hit the goblin.
The goblin is severely wounded.
The goblin barely misses you.
You completely miss the goblin.
The goblin is severely wounded.
You closely miss the goblin.
The goblin is severely wounded.
The goblin hits you.
You closely miss the goblin.
The goblin is severely wounded.
The goblin hits you.
Casting: Pain (safe; 2% risk of failure)
Confirm with . or Enter, or press ? or * to list all spells.
Aiming: Pain (safe; 2% risk of failure)
Press: ? - help, Shift-Dir - straight line, f/p - goblin
Aim: a goblin (severely wounded, unusually strong, chance to defeat MR: 89%)
The goblin writhes in agony!
You kill the goblin!
Sif Muna accepts your kill.
You closely miss the goblin. The goblin hits you but does no damage.
You barely miss the goblin. The goblin hits you but does no damage.
You barely miss the goblin. The goblin barely misses you.
You hit the goblin.
The goblin is moderately wounded.
You closely miss the goblin.
The goblin is moderately wounded.
The goblin hits you with a +0 dagger.
You closely miss the goblin.
The goblin is moderately wounded.
You closely miss the goblin.
The goblin is moderately wounded.
The goblin closely misses you.
You hit the goblin.
You kill the goblin!
Sif Muna accepts your kill.
You closely miss the goblin. The goblin misses you.
You hit the goblin.
The goblin is heavily wounded.
You completely miss the goblin.
The goblin is heavily wounded.
The goblin closely misses you.
Casting: Pain (safe; 2% risk of failure)
Confirm with . or Enter, or press ? or * to list all spells.
Aiming: Pain (safe; 2% risk of failure)
Press: ? - help, Shift-Dir - straight line, f - goblin
Aim: a goblin, wielding a +0 club (heavily wounded, unusually strong, chance to The goblin barely resists.
The goblin hits you with a +0 club!
You barely miss the goblin.
The goblin is heavily wounded.
You hit the goblin but do no damage.
The goblin is heavily wounded.
The goblin hits you with a +0 club.
* * * LOW HITPOINT WARNING * * *
You barely miss the goblin.
The goblin is heavily wounded.
The goblin hits you with a +0 club.
* * * LOW HITPOINT WARNING * * *
Unknown command.
Unknown command.
Things that are here:
a +0 club; a +0 animal skin; a cursed +0 helmet The goblin no longer looks unusually strong.
Items here: ))) † a +0 club; a +0 dagger; a +0 club; a goblin corpse You see here 16 stones.
The goblin unwields a +0 club.
The goblin wields a +0 hunting sling.
The goblin shoots a stone.
The stone hits you.
* * * LOW HITPOINT WARNING * * *
You see here a stone.
You see here an amethyst potion.
Casting: Pain (safe; 2% risk of failure)
Confirm with . or Enter, or press ? or * to list all spells.
Aiming: Pain (safe; 2% risk of failure)
Press: ? - help, Shift-Dir - straight line, f/p - goblin
Aim: a goblin, wielding a +0 club (chance to defeat MR: 89%)
The goblin writhes in agony!
The goblin barely misses you.
Casting: Pain (safe; 2% risk of failure)
Confirm with . or Enter, or press ? or * to list all spells.
Aiming: Pain (safe; 2% risk of failure)
Press: ? - help, Shift-Dir - straight line, f/p - goblin
Aim: a goblin, wielding a +0 club (heavily wounded, chance to defeat MR: 89%)
The goblin writhes in agony!
You kill the goblin!
Sif Muna accepts your kill.
The goblin shoots a stone.
The stone hits you but does no damage.
You see here a stone.
The goblin shoots a stone.
The stone hits you.
You die...

########## ############
.........## #..........#
..........# #..........##
..........# #........<..#
#########.####.......)...#
.....)))....##...###.....####
.....###..#..#.#............#
....g###.........#.#.#..##..#
...).##g!...####@..........####
..##g##(#g..####.#.#.#.###....#
####)##.###.g.##.......###.#..#
#.#..# ###)#..#.#.#..#....##
#.#g(# #.#g........#(.###
#....# #.g.#######...## ##...#
##.>.######...# #...#
#.#.)...#....# #####.#.##
#.#####....#.#


You could see 2 goblins.

Vanquished Creatures
  Natasha (twice) (D:2)
  Robin (D:2)
  3 adders
  2 worms (D:2)
  A dart slug (D:1)
  3 leopard geckos
  4 bats
  3 giant cockroaches
  7 hobgoblins
  3 jackals (D:2)
  A quokka (D:2)
  A ball python (D:1)
  3 frilled lizards
  11 goblins
  4 kobolds (D:1)
  7 rats
56 creatures vanquished.

Notes
Turn   | Place    | Note
-------+----------+-------------------------------------------
     0 | D:1      | Mgcat the Mummy Necromancer began the quest for the Orb.
     0 | D:1      | Reached XP level 1. HP: 13/13 MP: 4/4
    54 | D:1      | Reached skill level 3 in Spellcasting
   266 | D:1      | Reached XP level 2. HP: 19/19 MP: 4/6
   407 | D:1      | Reached skill level 2 in Stealth
  1111 | D:2      | Reached XP level 3. HP: 24/24 MP: 5/7
  1601 | D:2      | Reached XP level 4. HP: 30/30 MP: 3/9
  1764 | D:2      | Found a deep blue altar of Sif Muna.
  1767 | D:2      | Became a worshipper of Sif Muna the Loreminder
  1797 | D:2      | Noticed Natasha
  1809 | D:2      | Killed Natasha
  1809 | D:2      | Reached skill level 4 in Spellcasting
  1906 | D:2      | Learned a level 3 spell: Vampiric Draining
  2028 | D:2      | Noticed Natasha
  2032 | D:2      | Noticed Robin
  2100 | D:2      | Killed Natasha
  2102 | D:2      | Reached XP level 5. HP: 35/35 MP: 0/11
  2171 | D:2      | Killed Robin
  2171 | D:2      | Reached skill level 3 in Stealth
  2192 | D:2      | HP: 8/35 [goblin/+0 club[Robin] (5)]
  2207 | D:2      | HP: 1/35 [goblin/stone[Robin] (6)]
  2222 | D:2      | Shot with a stone by a goblin

Vault maps used:
D:1:      ncdulo_lavacross
D:2:      lemuel_blue_sif_altar, serial_glass, glass_columns_b, glass_columns_c,
          glass_columns_b, uniq_natasha, uniq_robin

Skill      XL: |  1  2  3  4  5 |
---------------+----------------+-----
Spellcasting   | 3 4 |  4.4
Stealth        | 2 3 |  3.0
Dodging        | |  1.5
Necromancy     | |  4.9

Action                   |  1- 3 |  4- 6 || total
-------------------------+-------+-------++-------
Melee: Unarmed           |     2 |       ||     2
       Dagger            |     4 |    20 ||    24
 Cast: Pain              |    78 |    61 ||   139
       Vampiric Draining |       |     2 ||     2
Armor: Robe              |     6 |     7 ||    13
Dodge: Dodged            |    20 |    29 ||    49

Table legend:
 A = Non-vault XP
 B = Vault XP
 C = Vault XP percentage of total XP
 D = Non-vault monster count
 E = Vault monster count
 F = Vault count percentage of total count
                 A         B        C        D         E       F
            +---------+---------+-------+---------+---------+-------
      Total |     153 |      65 |  29.8 |      46 |      10 |  17.9
            +---------+---------+-------+---------+---------+-------
        D:1 |      55 |       0 |   0.0 |      25 |       0 |   0.0
        D:2 |      98 |      65 |  39.9 |      21 |      10 |  32.3
            +---------+---------+-------+---------+---------+-------

Vault maps used:
D:1:      ncdulo_lavacross
D:2:      lemuel_blue_sif_altar, serial_glass, glass_columns_b, glass_columns_c,
          glass_columns_b, uniq_natasha, uniq_robin

Table legend:
 A = Turns spent in this place as a percentage of turns spent in the entire game.
 B = Non-inter-level travel turns spent in this place as a percentage of non-inter-level travel turns spent in the entire game.
 C = Inter-level travel turns spent in this place as a percentage of turns spent in this place.
 D = Turns resting spent in this place as a percentage of non-inter-level travel turns spent in this place.
 E = Turns spent auto-exploring this place as a percentage of non-inter-level travel turns spent in this place.
 F = Non-inter-level travel turns spent in this place divided by the number of levels of this place that you've seen.
                   A       B       C       D       E      F
               +-------+-------+-------+-------+-------+----------------------
         Total | 100.0 | 100.0 |   3.0 |  26.1 |  56.3 | 1078.0
       Dungeon | 100.0 | 100.0 |   3.0 |  26.1 |  56.3 | 1078.0
               +-------+-------+-------+-------+-------+----------------------

Table legend:
 A = Kills in this place as a percentage of kills in entire the game.
 B = Kills by you in this place as a percentage of kills by you in the entire game.
 C = Kills by friends in this place as a percentage of kills by friends in the entire game.
 D = Other kills in this place as a percentage of other kills in the entire game.
 E = Experience gained in this place as a percentage of experience gained in the entire game.
 F = Experience gained in this place divided by the number of levels of this place that you have seen.
                   A       B       C       D       E      F
               +-------+-------+-------+-------+-------+----------------------
         Total | 100.0 | 100.0 |   N/A |   N/A | 100.0 | 109.0
       Dungeon | 100.0 | 100.0 |   N/A |   N/A | 100.0 | 109.0
               +-------+-------+-------+-------+-------+----------------------
